 Dungeon Crawl Stone Soup version 0.31-a0-620-gd1cbd99268 (webtiles) character file.

Game seed: 17549834351974889848

2714 zero the Covert (level 9, -15/44 HPs)
             Began as a Spriggan Enchanter on Aug 23, 2023.
             Was an Initiate of Gozag.
             Demolished by Joseph
             ... wielding a +0 quarterstaff
              (19 damage)
             ... on level 7 of the Dungeon.
             The game lasted 00:19:50 (8888 turns).

zero the Covert (Spriggan Enchanter)                Turns: 8888, Time: 00:19:50

Health: -15/44     AC:  4    Str:  4    XL:     9   Next: 39%
Magic:  11/19      EV: 20    Int: 20    God:    Gozag
Gold:   1252       SH:  0    Dex: 16    Spells: 7/20 levels left

rFire   . . .        i - +3 dagger
rCold   . . .        (no shield)
rNeg    . . .        b - +1 robe
rPois   .            (helmet restricted)
rElec   .            q - +0 cloak
rCorr   +            (gloves unavailable)
SInv    +            (boots unavailable)
Will    +....        (no amulet)
Stlth   ++++         d - ring of resist corrosion
HPRegen 0.27/turn    (no ring)
MPRegen 0.16/turn

%: no passive effects
@: very quick
A: very small, no large weapons, unfitting armour, see invisible, speed 3
a: Renounce Religion, Potion Petition, Call Merchant, Bribe Branch


You were on level 7 of the Dungeon.
You worshipped Gozag.
Gozag was most pleased with you.
You visited 2 branches of the dungeon, and saw 9 of its levels.

You collected 1351 gold pieces.
You paid 99 gold pieces to Gozag.

Inventory:

Hand Weapons
 a - a +1 dagger of freezing
 e - a +3 sling of freezing
 i - a +3 dagger (weapon)
Armour
 b - a +1 robe (worn)
 q - a +0 cloak (worn)
Jewellery
 d - a ring of resist corrosion (left hand)
Wands
 h - a wand of flame (28)
 k - a wand of polymorph (8)
Scrolls
 g - a scroll of poison
 l - 3 scrolls of vulnerability
 m - a scroll of blinking
 o - a scroll of teleportation
Potions
 c - a potion of invisibility
 f - a potion of might
 j - a potion of lignification
 n - 2 potions of heal wounds
 p - a potion of curing
 r - a potion of haste {unknown}


   Skills:
 + Level 3.0 Fighting
 + Level 5.7 Short Blades
 + Level 6.5 Dodging
 + Level 9.3 Stealth
 + Level 6.0 Spellcasting
 + Level 6.1 Hexes
 + Level 2.9 Ice Magic
 * Level 4.1 Air Magic


You had 7 spell levels left.
You knew the following spells:

 Your Spells              Type           Power      Damage    Failure   Level
a - Shock                 Conj/Air       56%        1d6       4%          1
b - Ensorcelled Hibernat  Hex/Ice        48%        N/A       2%          2
c - Confusing Touch       Hex            30%        N/A       2%          3
d - Airstrike             Air            11%        2d(2-18)  19%         4
t - Tukima's Dance        Hex            30%        N/A       2%          3

Your spell library contained the following spells:

 Spells                   Type           Power      Damage    Failure   Level
 Swiftness                Air            22%        N/A       6%          3
 Dazzling Flash           Conj/Hex       36%        N/A       9%          3
 Magic Dart               Conj           24%        1d4       11%         1
 Call Imp                 Summ           12%        N/A       16%         2
 Mephitic Cloud           Conj/Pois/Air  11%        N/A       19%         3
 Olgreb's Toxic Radiance  Pois           6%         N/A       71%         4
 Discord                  Hex            15%        N/A       100%        8
 Ignition                 Fire           3%         3d4       100%        8


Dungeon Overview and Level Annotations

Branches:
Dungeon (8/15)             Temple (1/1) D:5
   Lair: D:8-11

Altars:
Cheibriados
Dithmenos
Elyvilon
Gozag
Hepliaklqana
Kikubaaqudgha
Okawaru
Qazlal
Ru
Sif Muna
Trog
Vehumet
Wu Jian
Xom
Yredelemnul
The Shining One

Shops:
D:3 (   D:7 (

Annotations:
D:3 exclusion: downstairs
D:6 Jeremiah
D:7 Joseph


Innate Abilities, Weirdness & Mutations

You are very small and have problems with some larger weapons.
You are too small for most types of armour.
You have supernaturally acute eyesight. (SInv)
You cover ground extremely quickly. (Speed+++)


Message History

Aim: a hound (chance to affect: 64%)
The hound looks drowsy...
The helpless hound fails to defend itself.
You stick the hound like a pincushion!!!
You kill the hound!
You start resting.
Joseph is nearby!
You see here 6 gold pieces.
Joseph hits you with a +0 quarterstaff!
Casting: Ensorcelled Hibernation (safe; 2% risk of failure)
Confirm with . or Enter, or press ? or * to list all spells.
Aiming: Ensorcelled Hibernation (safe; 2% risk of failure)
Press: ? - help, Shift-Dir - straight line, f - Joseph
Aim: Joseph, wielding a +0 quarterstaff and wearing a +0 leather armour of positive energy (chance to affect: 37%) Joseph resists with some effort.
Joseph closely misses you.
Casting: Ensorcelled Hibernation (safe; 2% risk of failure)
Confirm with . or Enter, or press ? or * to list all spells.
Aiming: Ensorcelled Hibernation (safe; 2% risk of failure)
Press: ? - help, Shift-Dir - straight line, f/p - Joseph
Aim: Joseph, wielding a +0 quarterstaff and wearing a +0 leather armour of positive energy (chance to affect: 37%) Joseph resists with some effort.
Joseph hits you with a +0 quarterstaff!
Casting: Ensorcelled Hibernation (safe; 2% risk of failure)
Confirm with . or Enter, or press ? or * to list all spells.
Aiming: Ensorcelled Hibernation (safe; 2% risk of failure)
Press: ? - help, Shift-Dir - straight line, f/p - Joseph
Aim: Joseph, wielding a +0 quarterstaff and wearing a +0 leather armour of positive energy (chance to affect: 37%) Joseph resists with some effort.
Joseph hits you with a +0 quarterstaff!
* * * LOW HITPOINT WARNING * * *
Casting: Ensorcelled Hibernation (safe; 2% risk of failure)
Confirm with . or Enter, or press ? or * to list all spells.
Aiming: Ensorcelled Hibernation (safe; 2% risk of failure)
Press: ? - help, Shift-Dir - straight line, f/p - Joseph
Aim: Joseph, wielding a +0 quarterstaff and wearing a +0 leather armour of positive energy (chance to affect: 37%) Joseph looks drowsy...
The helpless Joseph fails to defend himself.
You spit Joseph like a pig!!!
Joseph is severely wounded.
Joseph hits you with a +0 quarterstaff!!
You die...
Your body crumbles into a pile of gold.

#.......##........
#.......##........
#.....>.##$.......
#.......'$........
#.......##........
#......(##........
##.......##........
#.@......##.$...@..
#@################# #$#
# #.# ########
#'#.##'##########.......
#.........).......§...##
#........#######..§§§...
#........#........§§§..P
###'######.####.........
#. #....#..#.


You could see Joseph.

Vanquished Creatures
  Grinder (D:4)
  Eustachio (D:5)
  A water moccasin (D:6)
  Duvessa (D:5)
  2 orc warriors
  An ice beast (D:5)
  A black bear (D:5)
  A centaur (D:7)
  4 ogres
  4 scorpions
  A gnoll sergeant (D:6)
  A howler monkey (D:6)
  2 quasits (D:7)
  5 orc priests
  2 jellies (D:6)
  4 hounds
  An iguana (D:4)
  Terence (D:1)
  6 orc wizards
  9 gnolls
  10 adders
  6 shadow imps (D:7)
  2 ufetubi (D:5)
  2 worms
  2 dart slugs
  31 orcs
  7 endoplasms
  4 giant cockroaches
  6 hobgoblins
  11 jackals
  6 quokkas
  6 ball pythons
  4 bats
  4 frilled lizards
  5 goblins
  4 kobolds (D:1)
  5 rats
164 creatures vanquished.

Vanquished Creatures (collateral kills)
  Dowan (D:5)
  2 gnolls (D:5)
  4 orcs
7 creatures vanquished.

Vanquished Creatures (others)
  10 dancing weapons
  An orc wizard (D:5)
11 creatures vanquished.

Grand Total: 182 creatures vanquished

Notes
Turn   | Place    | Note
-------+----------+-------------------------------------------
     0 | D:1      | zero the Spriggan Enchanter began the quest for the Orb.
     0 | D:1      | Reached XP level 1. HP: 9/9 MP: 5/5
   154 | D:1      | Learned a level 1 spell: Shock
   253 | D:1      | Reached XP level 2. HP: 12/13 MP: 3/6
   256 | D:1      | Learned a level 2 spell: Ensorcelled Hibernation
   991 | D:2      | Noticed Terence
  1058 | D:2      | Reached XP level 3. HP: 16/16 MP: 6/8
  1206 | D:2      | Reached skill level 5 in Stealth
  1279 | D:2      | Learned a level 3 spell: Tukima's Dance
  1891 | D:1      | Killed Terence
  1892 | D:1      | Reached XP level 4. HP: 15/21 MP: 4/10
  1947 | D:1      | Learned a level 3 spell: Confusing Touch
  1977 | D:3      | Noticed a shining eye
  1978 | D:3      | Found a faded altar of an unknown god.
  1988 | D:3      | Noticed a floating eye
  1988 | D:3      | Noticed a floating eye
  1988 | D:3      | Noticed an eye of devastation
  2338 | D:3      | Found Vutochodot's Weapon Boutique.
  2410 | D:3      | Reached XP level 5. HP: 24/24 MP: 4/11
  3195 | D:4      | Reached skill level 6 in Stealth
  3221 | D:5      | Entered Level 5 of the Dungeon
  3221 | D:5      | Noticed Duvessa
  3221 | D:5      | Noticed Dowan
  3221 | D:5      | Noticed an ogre
  3452 | D:4      | Noticed an ogre
  3461 | D:4      | Killed an ogre
  3521 | D:4      | Reached skill level 7 in Stealth
  3521 | D:4      | Reached XP level 6. HP: 28/28 MP: 5/13
  3526 | D:4      | Learned a level 4 spell: Airstrike
  4515 | D:4      | Found a bloodstained altar of Trog.
  4529 | D:4      | Noticed Grinder
  4553 | D:4      | Killed Grinder
  4554 | D:4      | Reached skill level 1 in Fighting
  4554 | D:4      | Reached skill level 1 in Ice Magic
  4554 | D:4      | Reached skill level 1 in Air Magic
  4554 | D:4      | Reached XP level 7. HP: 25/33 MP: 11/14
  4877 | D:5      | Found a staircase to the Ecumenical Temple.
  4883 | Temple   | Entered the Ecumenical Temple
  4908 | Temple   | Became a worshipper of Gozag Ym Sagoz the Greedy
  5091 | D:5      | Noticed Eustachio
  5105 | D:5      | Killed Eustachio
  5111 | D:5      | Reached skill level 5 in Dodging
  5382 | D:4      | Reached skill level 8 in Stealth
  5612 | D:5      | Reached XP level 8. HP: 38/38 MP: 8/16
  5736 | D:5      | Reached skill level 5 in Spellcasting
  5736 | D:5      | Reached skill level 5 in Hexes
  5780 | D:5      | Reached skill level 5 in Short Blades
  5991 | D:5      | Found a snail-covered altar of Cheibriados.
  6149 | D:5      | Identified a scroll of acquirement
  6149 | D:5      | Acquired 510 gold pieces
  6424 | D:5      | Killed Dowan
  6787 | D:5      | Killed Duvessa
  7000 | D:6      | Noticed Jeremiah
  7150 | D:6      | Reached skill level 9 in Stealth
  7150 | D:6      | Reached XP level 9. HP: 43/43 MP: 18/18
  7945 | D:7      | Found a sacrificial altar of Ru.
  8247 | D:7      | Found Geyps's Antique Weapon Shoppe.
  8693 | D:7      | Noticed Joseph
  8888 | D:7      | Demolished by Joseph

Illustrated notes

Levels and vault maps discovered:
D:1:      heliophobic_arrival_henge, layout_loops_ring,
          chequers_serial_rivers_micro_c
D:2:      layout_loops_ring, minmay_tripent, uniq_terence
D:3:      layout_basic, hellmonk_ecumenical_altar_watching_god, serial_shops,
          nicolae_shop_bloodbath_and_beyond
D:4:      layout_basic, trog_book, minmay_misc_feat_rugged, uniq_grinder
D:5:      layout_cave_pools, amcnicky_altar_gilded,
          gammafunk_temple_overflow_elements, minmay_temple_entry_sparse_star,
          uniq_eustachio, uniq_duvessa
D:6:      layout_loops_cross, uniq_jeremiah
D:7:      layout_basic, mainiacjoe_overflow_boulevard, evilmike_ruin_ashenzari,
          serial_shops, nicolae_shop_advertising_works
          [nicolae_subvault_shop_adworks], serial_demonic, serial_demonic_g,
          serial_demonic_e, serial_demonic_a, serial_demonic_a, uniq_joseph
D:8:      layout_basic, nemelex_xobeh_ov_fountains_minmay, uniq_psyche,
          uniq_gastronok, uniq_prince_ribbit1
Temple:   nicolae_temple_ecumenical_triangle

Skill      XL: |  1  2  3  4  5  6  7  8  9 |
---------------+----------------------------+-----
Dodging        | 3 4 5 6 |  6.5
Spellcasting   | 3 4 5 6 |  6.0
Hexes          | 4 5 6 |  6.1
Stealth        | 5 7 8 9 |  9.3
Short Blades   | 2 3 4 5 |  5.7
Fighting       | 1 2 3 |  3.0
Ice Magic      | 1 2 |  2.9
Air Magic      | 1 3 4 |  4.1

Action                     |  1- 3 |  4- 6 |  7- 9 || total
---------------------------+-------+-------+-------++-------
  Melee: Dagger            |    96 |   111 |   238 ||   445
         Punch             |     1 |       |     3 ||     4
  Throw: Throwing net      |       |       |     1 ||     1
   Cast: Shock             |    32 |     7 |       ||    39
         Ensorcelled Hiber |     9 |    64 |    89 ||   162
         Tukima's Dance    |       |    11 |    18 ||    29
         Confusing Touch   |       |     1 |     9 ||    10
         Airstrike         |       |       |     6 ||     6
  Evoke: Wand              |       |       |     2 ||     2
    Use: Scroll            |       |    10 |     5 ||    15
         Potion            |       |     2 |       ||     2
   Stab: Sleeping          |    12 |    39 |    49 ||   100
         Confused          |       |     2 |     5 ||     7
         Invisible         |       |     1 |       ||     1
         Distracted        |       |       |     2 ||     2
 Armour: Robe              |     9 |     8 |    26 ||    43
         Skin              |       |       |    17 ||    17
  Dodge: Dodged            |    86 |    91 |   226 ||   403

Table legend: (Time is in decaauts)
 A = Elapsed time spent in this place.
 B = Non-inter-level travel time spent in this place.
 C = Inter-level travel time spent in this place.
 D = Time resting spent in this place.
 E = Time spent auto-exploring this place.
 F = Levels seen in this place.
 G = Mean time per level.
                   A        B        C        D        E       F      G
               +--------+--------+--------+--------+--------+-----+--------+
         Total |   7162 |   6979 |    183 |   2437 |   2933 |   9 |  795.8 |
       Dungeon |   7135 |   6961 |    174 |   2437 |   2933 |   8 |  891.9 |
        Temple |     26 |     17 |      9 |      0 |      0 |   1 |   26.0 |
               +--------+--------+--------+--------+--------+-----+--------+

Top non-repeatable levels by time:
     D:4: 1956 daAuts
     D:5: 1105 daAuts
     D:3: 980 daAuts
     D:6: 918 daAuts
     D:2: 734 daAuts
     D:1: 728 daAuts
     D:7: 711 daAuts
  Temple: 26 daAuts
     D:8: 1 daAuts
